 Dungeon Crawl Stone Soup version 0.32-a0-913-g739538afd8 (webtiles) character file.

Game seed: 13415943684931185288

375 BigDaddyOpFi the Ruffian (level 6, -1/45 HPs)
             Began as an Octopode Fighter on Apr 9, 2024.
             Slain by a goblin
             ... wielding a +0 club
             ... led by Robin
              (7 damage)
             ... on level 3 of the Dungeon.
             The game lasted 00:03:38 (2453 turns).

BigDaddyOpFi the Ruffian (Octopode Fighter)         Turns: 2453, Time: 00:03:38

Health: -1/45      AC:  1    Str: 16    XL:     6   Next: 73%
Magic:  6/6        EV: 12    Int: 10    God:
Gold:   90         SH:  4    Dex: 13    Spells: 5/5 levels left

rFire   . . .        j - +6 club
rCold   . . .        a - +0 buckler
rNeg    . . .        (helmet restricted)
rPois   .            (no amulet)
rElec   .            (no ring)
rCorr   .            (no ring)
SInv    .            (no ring)
Will    .....        (no ring)
Stlth   ++           (no ring)
HPRegen 0.27/turn    (no ring)
MPRegen 0.10/turn    (no ring)
                     (no ring)

%: no passive effects
@: brilliant, about to teleport
A: almost no armour, amphibious, 8 rings, camouflage 1, gelatinous body 1,
(nimble swimmer 1), tentacles
a: no special abilities


You were on level 3 of the Dungeon.
You visited 1 branch of the dungeon, and saw 3 of its levels.

You collected 90 gold pieces.

Inventory:

Hand Weapons
 e - a +1 sling of flaming
 j - a +6 club (weapon)
Armour
 a - a +0 buckler (worn)
Jewellery
 l - a ring of resist corrosion
Scrolls
 c - a scroll of enchant armour {unknown}
 f - a scroll of vulnerability {unknown}
 i - 2 scrolls of identify {unknown}
Potions
 b - a potion of might
 d - a potion of enlightenment
 h - a potion of cancellation


   Skills:
 + Level 4.8 Fighting
 + Level 3.3 Dodging
 + Level 3.2 Shields
 * Level 5.4 Unarmed Combat


You had 5 spell levels left.
You didn't know any spells.
Your spell library contained the following spells:

 Spells                   Type           Power      Damage    Failure   Level
 Teleport Other           Tloc           0%         N/A       82%         3
 Dispersal                Tloc           0%         N/A       100%        6
 Gell's Gavotte           Tloc           0%         2d(11-16) 100%        6


Dungeon Overview and Level Annotations

Branches:
Dungeon (3/15)

Altars:
Nemelex Xobeh


Innate Abilities, Weirdness & Mutations

You cannot wear most types of armour.
You are amphibious.
You can wear up to eight rings at the same time.
Your skin changes colour to match your surroundings (Stealth+).
Your rubbery body absorbs attacks. (AC +1, EV +1)
((You are camouflaged when in or above water. (Stealth+)))
You have tentacles for arms and can constrict up to eight enemies at once.


Message History

Things that are here:
a +0 club; a +0 club; a goblin corpse You hit the goblin.
You grab the goblin.
The goblin is heavily wounded.
You constrict the goblin.
You kill the goblin!
You sock the hobgoblin!
You kill the hobgoblin!
Robin says, "Bow before me, strongest of all the hobgoblins!"
Robin throws the goblin at you! The goblin hits you with a +0 dagger.
The goblin shoots a sling bullet.
You block the sling bullet. Robin barely misses you.
The goblin shoots a sling bullet.
The sling bullet misses you.
Items here: $ ))) [ †††.
You block the goblin's attack. Robin throws the goblin at you!
The goblin unwields a +0 sling.
The goblin wields a +0 dagger.
You block the goblin's attack.
There is an open door, spattered with blood here.
You hit Robin. You grab Robin.
Robin is moderately wounded.
You constrict Robin. The goblin hits you with a +0 club!
* * * LOW HITPOINT WARNING * * *
Robin barely misses you. The goblin hits you but does no damage.
It was a potion of brilliance.
You feel clever all of a sudden.
You constrict Robin. Robin barely misses you. The goblin barely misses you.
The goblin closely misses you.
As you read the scroll of teleportation, it crumbles to dust.
You feel strangely unstable.
You constrict Robin. You block Robin's attack.
The goblin hits you with a +0 club.
* * * LOW HITPOINT WARNING * * *
The goblin closely misses you.
Okay, then.
Okay, then.
You hit Robin.
Robin is almost dead.
You constrict Robin!
You kill Robin!
The goblin hits you with a +0 club!
You die...

#........# #... #........#
##... # #........# ####...#
### #........###......# ..#
#........#.......## #.#
#........).....### #.#
#........÷..#### #.#
#######)...#.###### #.#
#...gg@....#.##...#
#.#########.#####g...#.##...#
............# #....#.#......#
............# #.#<.#.#####..#
............# #.####........#
............###.....######.##
............#.............^#
............#.......#####..#
............######### #...#


You could see 3 goblins.

Vanquished Creatures
  Grinder (D:3)
  An orc priest (D:3)
  Jessica (D:3)
  Natasha (D:3)
  Robin (D:3)
  3 adders (D:2)
  2 dart slugs
  2 ribbon worms
  4 orcs
  5 ball pythons
  6 endoplasms
  3 giant cockroaches (D:2)
  15 goblins
  2 hobgoblins
  7 jackals
  3 kobolds
  A quokka (D:1)
  6 bats
  A frilled lizard (D:2)
  5 rats
70 creatures vanquished.

Notes
Turn   | Place    | Note
-------+----------+-------------------------------------------
     0 | D:1      | BigDaddyOpFi the Octopode Fighter began the quest for the
                  | Orb.
     0 | D:1      | Reached XP level 1. HP: 16/16 MP: 1/1
   189 | D:1      | Reached XP level 2. HP: 17/21 MP: 2/2
   623 | D:1      | Reached XP level 3. HP: 26/26 MP: 3/3
   896 | D:2      | Reached skill level 3 in Unarmed Combat
  1078 | D:2      | Reached XP level 4. HP: 32/32 MP: 4/4
  1159 | D:2      | Found a sparkling altar of Nemelex Xobeh.
  1567 | D:2      | Found a faded altar of an unknown god.
  1761 | D:3      | Noticed Grinder
  1765 | D:3      | Paralysed by Grinder for 5 turns
  1766 | D:3      | Reached skill level 4 in Unarmed Combat
  1766 | D:3      | Reached XP level 5. HP: 34/37 MP: 5/5
  1778 | D:3      | Killed Grinder
  1779 | D:3      | Reached skill level 5 in Unarmed Combat
  1779 | D:3      | Reached XP level 6. HP: 17/44 MP: 6/6
  2110 | D:3      | Noticed Jessica
  2117 | D:3      | Killed Jessica
  2153 | D:3      | Noticed Natasha
  2168 | D:3      | Killed Natasha
  2435 | D:3      | Noticed Robin
  2453 | D:3      | Killed Robin
  2453 | D:3      | Slain by a goblin

Illustrated notes

Levels and vault maps discovered:
D:1:      dpeg_arrival_short_road, layout_loops_ring
D:2:      layout_loops_ring, basic_altar, shapermc_ecumenical_altar_mp_vishouse,
          grunt_ministairs_11, minmay_tree_intersection
D:3:      layout_basic, serial_curves, eino_curves_01, eino_curves_04,
          uniq_jessica, uniq_robin, uniq_grinder, uniq_natasha

Skill      XL: |  1  2  3  4  5 |
---------------+----------------+-----
Unarmed Combat | 3 4 5 |  5.4
Fighting       | 4 |  4.8
Dodging        | |  3.3
Shields        | |  3.2

Action                     |  1- 3 |  4- 6 || total
---------------------------+-------+-------++-------
  Melee: Unarmed           |    64 |    48 ||   112
         Constrict         |    18 |    17 ||    35
         Tentacles         |     9 |    14 ||    23
         Punch             |     2 |       ||     2
         Club              |       |    19 ||    19
    Use: Scroll            |     1 |     5 ||     6
         Potion            |       |     5 ||     5
   Stab: Sleeping          |     5 |    12 ||    17
 Armour: Skin              |    27 |    44 ||    71
  Dodge: Dodged            |    24 |    45 ||    69
  Block: Buckler           |     4 |    21 ||    25

Table legend: (Time is in decaauts)
 A = Elapsed time spent in this place.
 B = Non-inter-level travel time spent in this place.
 C = Inter-level travel time spent in this place.
 D = Time resting spent in this place.
 E = Time spent auto-exploring this place.
 F = Levels seen in this place.
 G = Mean time per level.
                   A        B        C        D        E       F      G
               +--------+--------+--------+--------+--------+-----+--------+
         Total |   2457 |   2383 |     74 |    192 |   1765 |   3 |  819.0 |
       Dungeon |   2457 |   2383 |     74 |    192 |   1765 |   3 |  819.0 |
               +--------+--------+--------+--------+--------+-----+--------+

Top non-repeatable levels by time:
     D:2: 845 daAuts
     D:3: 813 daAuts
     D:1: 798 daAuts
